 Dungeon Crawl Stone Soup version 0.15.2 (webtiles) character file.

70 flegu the Poker (level 4, 0/33 HPs)
             Began as a Merfolk Skald on Feb 12, 2015.
             Was an Initiate of Fedhas.
             Succumbed to an adder's poison
             ... on Level 2 of the Dungeon.
             The game lasted 00:11:49 (1425 turns).

flegu the Poker (Merfolk Skald)                     Turns: 1425, Time: 00:11:49

HP   0/33        AC  5     Str 12      XL: 4   Next: 22%
MP   2/7         EV 11     Int 12      God: Fedhas [......]
Gold 97          SH  0     Dex 13      Spells:  3 memorised,  1 level left

rFire  . . .     SeeInvis .     a - +0 spear
rCold  . . .     Clarity  .     g - +0 ring mail
rNeg   . . .     rCorr    .     (no shield)
rPois  .         rRot     .     (no helmet)
rElec  .         Spirit   .     (no cloak)
SustAb .         Warding  .     (no gloves)
rMut   .         Stasis   .     (boots currently unavailable)
Gourm  .                        (no amulet)
MR     .....                    (no ring)
                                (no ring)

@: lethally poisoned, very quick, not resistant to hostile enchantments,
unstealthy
A: change form in water, swift swim
a: Renounce Religion


You were on level 2 of the Dungeon.
You worshipped Fedhas.
Fedhas was noncommittal.
You were hungry.

You visited 1 branch of the dungeon, and saw 2 of its levels.

You collected 97 gold pieces.

Inventory:

Hand weapons
 a - a +0 spear (weapon)
Missiles
 f - 6 stones (quivered)
Armour
 b - a +0 leather armour
 g - a +0 ring mail (worn)
Comestibles
 d - a bread ration
 h - 2 chunks of worm flesh
Scrolls
 e - a scroll of enchant weapon {unknown}
 k - a scroll of remove curse
Books
 c - a book of Battle

   Spells                             Type                      Level
   *Infusion                          Charms                       1
   *Shroud of Golubria                Charms/Translocation         2
   Song of Slaying                    Charms                       2
   Spectral Weapon                    Hexes/Charms                 3
   *Regeneration                      Charms/Necromancy            3


   Skills:
 - Level 2.1 Fighting
 + Level 5.1 Polearms
 - Level 0.6 Armour
 - Level 1.3 Dodging
 - Level 2.0 Spellcasting
 + Level 4.3 Charms


You had one spell level left.
You knew the following spells:

 Your Spells              Type           Power        Failure   Level  Hunger
a - Infusion              Chrm           ##....       10%         1    ##.....
b - Shroud of Golubria    Chrm/Tloc      #.........   28%         2    ###....
c - Regeneration          Chrm/Necr      #.........   56%         3    ####...


Dungeon Overview and Level Annotations

Branches:
Dungeon (2/15)

Altars:
Fedhas


Message History

* * * LOW HITPOINT WARNING * * *
You feel sick.
Your legs become a tail as you enter the water.
Unknown command.
Casting: Infusion
Confirm with . or Enter, or press ? or * to list all spells.
Okay, then.
Casting: Infusion
Confirm with . or Enter, or press ? or * to list all spells.
You don't have enough magic to cast that spell.
You are too injured to fight recklessly!
You are too injured to fight recklessly!
Attack whom?
Press: ? - help, Dir - move target cursor, f - kobold
Aim: a kobold You reach to attack!
You closely miss the kobold.
Unknown command.
You closely miss the kobold.
You die...
Fedhas appreciates your contribution to the ecosystem.

#.#####...###.##.#.#........#
... #...#.###..#.#....#####.#
...$...#.###..##.PP.####.#
#..
?.......#.(.....PP≈≈≈≈≈...#
...
....g...######..≈≈≈≈♣≈≈≈P##
≈.. ....S...# ##PPP♣♣♣♣≈P##
♣P.. ........# ####P≈≈≈♣ ♣≈.#
♣≈.. ........# #...PPP♣♣ ♣≈≈#
≈.≈ ........# #...PP@♣♣♣ ♣P##
#.#####...#KP≈≈♣♣≈P#
#.........%.P≈≈≈P≈.#
#######...###P.P..## #...#
.#...# .....# .#...# #######
.....# #. ..


You could see a kobold.

Vanquished Creatures
  5 adders (D:2)
  A worm (D:2)
  A ball python (D:1)
  4 hobgoblins (D:1)
  7 kobolds
  A bat (D:1)
  A giant cockroach (D:2)
  A giant gecko (D:1)
  3 giant newts (D:1)
  A goblin (D:1)
  2 rats (D:1)
27 creatures vanquished.

Vanquished Creatures (others)
  5 toadstools (D:1)
5 creatures vanquished.

Grand Total: 32 creatures vanquished

Notes
Turn   | Place    | Note
--------------------------------------------------------------
     0 | D:1      | flegu, the Merfolk Skald, began the quest for the Orb.
     0 | D:1      | Reached XP level 1. HP: 16/16 MP: 3/3
   171 | D:1      | Reached XP level 2. HP: 22/22 MP: 0/4
   493 | D:1      | Reached skill level 4 in Polearms
   756 | D:2      | Reached XP level 3. HP: 23/27 MP: 1/6
   896 | D:2      | Learned a level 2 spell: Shroud of Golubria
   900 | D:2      | Learned a level 3 spell: Regeneration
   990 | D:2      | Found a blossoming altar of Fedhas.
  1013 | D:2      | Became a worshipper of Fedhas Madash
  1375 | D:2      | Reached skill level 5 in Polearms
  1375 | D:2      | Reached XP level 4. HP: 24/33 MP: 1/7
  1422 | D:2      | HP: 1/33 [poisoned by an adder]
  1425 | D:2      | Succumbed to an adder's poison

Action                   |  1- 3 |  4- 6 || total
-------------------------+-------+-------++-------
Melee: Spear             |    93 |    15 ||   108
 Cast: Infusion          |    11 |     1 ||    12
       Shroud of Golubri |       |     1 ||     1
  Use: Potion            |     3 |       ||     3
       Scroll            |     2 |       ||     2
  Eat: Beef jerky        |     1 |       ||     1
